 Dungeon Crawl Stone Soup version 0.29-a0-251-g80730f7218 (webtiles) character file.

Game seed: 5990990284169365092

907 croobank the Sneak (level 8, -1/41 HPs)
             Began as a Gargoyle Fire Elementalist on Mar 6, 2022.
             Was an Initiate of Hepliaklqana.
             Shot with an arrow by a centaur (13 damage)
             ... on level 6 of the Dungeon.
             The game lasted 00:18:26 (4513 turns).

croobank the Sneak (Gargoyle Fire Elementalist)     Turns: 4513, Time: 00:18:27

Health: -1/41      AC: 13    Str:  8    XL:     8   Next: 8%
Magic:  7/14       EV: 12    Int: 18    God:    Hepliaklqana [......]
Gold:   204        SH:  0    Dex: 10    Spells: 8/15 levels left

rFire   . . .      SeeInvis .   a - staff of conjuration
rCold   . . .      Faith    .   (no shield)
rNeg    + . .      Spirit   .   c - +0 robe
rPois   ∞          Reflect  .   (no helmet)
rElec   +          Harm     .   (no cloak)
rCorr   +          Rampage  .   (no gloves)
Will    .....                   (no boots)
Stlth   +++.......              r - amulet of regeneration
HPRegen 0.93/turn               l - ring of resist corrosion
MPRegen 0.14/turn               g - +4 ring of protection

@: no status effects
A: sickness immunity, AC +5, negative energy resistance 1, electricity
resistance, torment resistance 1, petrification resistance, iridescent scales 1,
screaming 1, weak 2
a: Renounce Religion


You were on level 6 of the Dungeon.
You worshipped Hepliaklqana.
Hepliaklqana was noncommittal.
You visited 2 branches of the dungeon, and saw 7 of its levels.

You collected 204 gold pieces.

Inventory:

Hand Weapons
 b - a +0 hunting sling
 k - a +0 quarterstaff
 t - a +0 whip
 y - a +0 battleaxe
Missiles
 h - 73 stones
 m - 6 poisoned darts
 z - a throwing net
Armour
 c - a +0 robe (worn)
 i - a +0 leather armour
 j - a +2 ring mail of cold resistance
Magical Staves
 a - a staff of conjuration (weapon)
Jewellery
 e - the amulet of Keyve {Will+ Regen+}
   (You found it on level 5 of the Dungeon)

   [amulet of regeneration]

   Regen:     It increases your rate of health regeneration.
   Will:      It increases your willpower.
 g - a +4 ring of protection (right hand)
 l - a ring of resist corrosion (left hand)
 r - an amulet of regeneration (around neck)
Wands
 n - a wand of mindburst (16)
 o - a wand of digging (8)
Scrolls
 d - 2 scrolls of teleportation
 f - a scroll of blinking {unknown}
 q - a scroll of fear {unknown}
 s - a scroll of summoning {unknown}
 v - a scroll of amnesia {unknown}
 x - a scroll of identify
Potions
 p - a potion of attraction {unknown}
 u - a potion of lignification
 w - a potion of might


   Skills:
 + Level 3.5 Dodging
 + Level 5.2 Stealth
 + Level 4.1 Spellcasting
 + Level 4.3 Conjurations
 + Level 4.9 Fire Magic


You had 8 spell levels left.
You knew the following spells:

 Your Spells              Type           Power      Damage    Failure   Level
a - Foxfire               Conj/Fire      100%       2x1d9     2%          1
b - Scorch                Fire           42%        2d7       2%          2
c - Flame Wave            Conj/Fire      30%        2d8       22%         4

Your spell library contained the following spells:

 Spells                   Type           Power      Damage    Failure   Level
 Magic Dart               Conj           100%       1d8       2%          1
 Searing Ray              Conj           56%        2d6       3%          2
 Conjure Flame            Conj/Fire      30%        6-21      6%          3
 Slow                     Hex            12%        N/A       14%         1
 Inner Flame              Hex/Fire       12%        N/A       16%         3
 Confusing Touch          Hex            3%         N/A       41%         3
 Vampiric Draining        Necr           3%         2d6       41%         3
 Fulminant Prism          Conj/Hex       8%         3d7       52%         4
 Cause Fear               Hex            1%         N/A       82%         4
 Discord                  Hex            1%         N/A       100%        8


Dungeon Overview and Level Annotations

Branches:
Dungeon (6/15)             Temple (1/1) D:4

Altars:
Ashenzari
Cheibriados
Dithmenos
Elyvilon
Fedhas
Gozag
Hepliaklqana
Kikubaaqudgha
Makhleb
Nemelex Xobeh
Qazlal
Sif Muna
Trog
Vehumet
Xom
Yredelemnul
Zin
The Shining One


Innate Abilities, Weirdness & Mutations

You are immune to sickness and miasma.
Your stone body is resilient. (AC +5)
You are immune to poison.
You resist negative energy. (rN+)
You are resistant to electric shocks. (rElec)
You are resistant to unholy torment.
You are immune to petrification.
You are partially covered in iridescent scales. (AC +2)
You occasionally shout uncontrollably at your foes.
You are very weak. (Str -4)


Message History

Casting: Foxfire (safe; 2% risk of failure)
Confirm with . or Enter, or press ? or * to list all spells.
You feel a surge of power!
You conjure some foxfire!
The centaur shoots an arrow.
The arrow completely misses you. The arrow misses your foxfire.
The foxfire hits the centaur.
The centaur is lightly wounded.
The foxfire hits the centaur.
The centaur is moderately wounded.
The centaur shoots an arrow.
The arrow barely misses you.
The centaur shoots an arrow.
The arrow hits you!
Casting: Foxfire (safe; 2% risk of failure)
Confirm with . or Enter, or press ? or * to list all spells.
Flames lash the orc.
The orc is almost dead.
The orc's fire resistance burns away.
The centaur shoots an arrow.
The arrow hits you!
Casting: Scorch (safe; 2% risk of failure)
Confirm with . or Enter, or press ? or * to list all spells.
You feel a surge of power!
You conjure some foxfire!
The foxfire hits the orc but does no damage.
The orc is almost dead.
You hit the orc but do no damage.
The orc is almost dead.
The foxfire hits the orc but does no damage.
The orc is almost dead.
The centaur shoots an arrow.
The arrow hits you!
Casting: Foxfire (safe; 2% risk of failure)
Confirm with . or Enter, or press ? or * to list all spells.
Flames lash the orc.
The orc is burned terribly!
You kill the orc!
The centaur shoots an arrow.
The arrow hits you!
* * * LOW HITPOINT WARNING * * *
Casting: Scorch (safe; 2% risk of failure)
Confirm with . or Enter, or press ? or * to list all spells.
Flames lash the centaur.
The centaur is heavily wounded.
The centaur's fire resistance burns away.
The centaur shoots an arrow.
The arrow hits you!
You die...

#.. #!# #.# #.#
... #c# ##
#######.###....
......)@.......
....###.#######.#
[ #.# #.# #.# #.#
#.# #.#
#.#######.#
##.#....##.#
#..#....##.#
#.##....##.#


You could see a centaur (combustible).

Vanquished Creatures
  A black bear (D:4)
  2 ice beasts (D:5)
  An ogre (D:5)
  A necrophage (D:5)
  A scorpion (D:5)
  4 hounds
  An orc priest (D:5)
  An iguana (D:5)
  2 orc wizards (D:5)
  6 gnolls
  4 adders
  A shadow imp (D:4)
  A worm (D:2)
  3 dart slugs (D:2)
  7 orcs
  5 bats (D:1)
  5 endoplasms (D:2)
  6 giant cockroaches
  3 hobgoblins
  4 jackals (D:2)
  2 quokkas
  3 ball pythons (D:1)
  A ball python skeleton (D:3)
  3 frilled lizards
  A giant cockroach zombie (D:3)
  7 goblins
  5 kobolds
  A quokka zombie (D:3)
  6 rats
88 creatures vanquished.

Vanquished Creatures (collateral kills)
  2 foxfires
2 creatures vanquished.

Vanquished Creatures (others)
  An orc wizard (D:5)
  179 foxfires
180 creatures vanquished.

Grand Total: 270 creatures vanquished

Notes
Turn   | Place    | Note
-------+----------+-------------------------------------------
     0 | D:1      | croobank the Gargoyle Fire Elementalist began the quest for
                  | the Orb.
     0 | D:1      | Reached XP level 1. HP: 10/10 MP: 3/3
   291 | D:1      | Reached XP level 2. HP: 14/15 MP: 0/5
   551 | D:1      | Found a faded altar of an unknown god.
   615 | D:1      | Learned a level 2 spell: Scorch
  1163 | D:2      | Reached XP level 3. HP: 19/19 MP: 3/6
  1770 | D:2      | Reached skill level 3 in Stealth
  1770 | D:2      | Reached XP level 4. HP: 24/24 MP: 3/7
  2467 | D:3      | Found a shimmering altar of Xom.
  2748 | D:4      | Found a staircase to the Ecumenical Temple.
  2758 | Temple   | Entered the Ecumenical Temple
  2903 | Temple   | Became a worshipper of Hepliaklqana the Forgotten
  2997 | D:4      | Reached XP level 5. HP: 28/28 MP: 5/9
  3073 | D:4      | Noticed a black bear
  3081 | D:4      | Killed a black bear
  3082 | D:4      | Reached XP level 6. HP: 31/32 MP: 0/10
  3172 | D:4      | Found a shadowy altar of Dithmenos.
  3178 | D:4      | Learned a level 4 spell: Flame Wave
  3236 | D:5      | Entered Level 5 of the Dungeon
  3323 | D:5      | Reached skill level 4 in Stealth
  3509 | D:5      | Noticed an ice beast
  3514 | D:5      | Killed an ice beast
  3587 | D:5      | Reached XP level 7. HP: 36/36 MP: 8/12
  3773 | D:5      | Gained mutation: You are weak. (Str -2) [potion of
                  | mutation]
  3773 | D:5      | Gained mutation: You occasionally shout uncontrollably at
                  | your foes. [potion of mutation]
  3773 | D:5      | Gained mutation: You are very weak. (Str -4) [potion of
                  | mutation]
  3773 | D:5      | Gained mutation: You are partially covered in iridescent
                  | scales. (AC +2) [potion of mutation]
  4041 | D:5      | Identified the amulet of Keyve {Will+ Regen+}
  4061 | D:5      | Reached skill level 5 in Stealth
  4079 | D:5      | Reached XP level 8. HP: 32/41 MP: 0/14
  4513 | D:6      | Shot with an arrow by a centaur

Illustrated notes

Levels and vault maps discovered:
D:1:      heliophobic_arrival_henge, layout_basic,
          shapermc_ecumenical_altar_mp_urbaneastern, minmay_misc_feat_doors
D:2:      layout_basic
D:3:      layout_rooms, led_xom_imps, serial_undead, serial_undead_a,
          serial_undead_d, serial_undead_f, serial_undead_d, serial_undead_e
D:4:      layout_basic, nicolae_wu_jian_wuxing_cycle,
          nicolae_dithmenos_shadow_blocks, minmay_temple_entry_mist,
          nicolae_elemental_shop
D:5:      layout_basic
D:6:      layout_basic, lemuel_coloured_pillars_altar, grunt_ministairs_13,
          uniq_pikel
Temple:   lightli_temple_of_artemis

Skill      XL: |  1  2  3  4  5  6  7 |
---------------+----------------------+-----
Dodging        | 2 3 |  3.5
Stealth        | 3 4 5 |  5.2
Conjurations   | 2 3 4 |  4.3
Spellcasting   | 3 4 |  4.1
Fire Magic     | 4 |  4.9

Action                   |  1- 3 |  4- 6 |  7- 9 || total
-------------------------+-------+-------+-------++-------
Melee: Unarmed           |     8 |       |       ||     8
       Staff             |    36 |    78 |    21 ||   135
       Punch             |       |     1 |       ||     1
 Cast: Foxfire           |    37 |    41 |    25 ||   103
       Scorch            |    12 |    23 |    19 ||    54
       Flame Wave        |       |       |     1 ||     1
  Use: Scroll            |       |     3 |       ||     3
       Potion            |       |       |     4 ||     4
Armor: Robe              |    18 |       |     1 ||    19
       Ring mail         |    23 |    58 |    34 ||   115
Dodge: Dodged            |    56 |    62 |    27 ||   145

Table legend: (Time is in decaauts)
 A = Elapsed time spent in this place.
 B = Non-inter-level travel time spent in this place.
 C = Inter-level travel time spent in this place.
 D = Time resting spent in this place.
 E = Time spent auto-exploring this place.
 F = Levels seen in this place.
 G = Mean time per level.
                   A        B        C        D        E       F      G
               +--------+--------+--------+--------+--------+-----+--------+
         Total |   4545 |   4460 |     85 |      4 |   3387 |   7 |  649.3 |
       Dungeon |   4386 |   4315 |     71 |      4 |   3295 |   6 |  731.0 |
        Temple |    159 |    145 |     14 |      0 |     92 |   1 |  159.0 |
               +--------+--------+--------+--------+--------+-----+--------+

Top non-repeatable levels by time:
     D:5: 1173 daAuts
     D:2: 1038 daAuts
     D:1: 1034 daAuts
     D:3: 681 daAuts
     D:4: 380 daAuts
  Temple: 159 daAuts
     D:6: 78 daAuts
